 Dungeon Crawl Stone Soup version 0.28.0-53-g5a82cb258f (webtiles) character file.

Game seed: 5851270554696908503

48 MiltankisOP the Skirmisher (level 3, -2/27 HPs)
             Began as an Octopode Monk on July 13, 2022.
             Slain by an ogre
             ... wielding a +0 giant spiked club
              (13 damage)
             ... on level 3 of the Dungeon.
             The game lasted 00:01:49 (1935 turns).

MiltankisOP the Skirmisher (Octopode Monk)          Turns: 1935, Time: 00:01:49

Health: -2/27      AC:  1    Str: 10    XL:     3   Next: 72%
Magic:  3/3        EV: 14    Int: 12    God:
Gold:   44         SH:  0    Dex: 16    Spells: 2/2 levels left

rFire   . . .      SeeInvis .     - Unarmed
rCold   . . .      Faith    .   (no shield)
rNeg    . . .      Spirit   .   (helmet restricted)
rPois   .          Reflect  .   (no amulet)
rElec   .          Harm     .   (no ring)
rCorr   .          Rampage  .   (no ring)
Will    .....                   (no ring)
Stlth   +++.......              (no ring)
HPRegen 0.09/turn               (no ring)
MPRegen 0.08/turn               (no ring)
                                (no ring)
                                (no ring)

@: no status effects
A: almost no armour, amphibious, 8 rings, camouflage 1, gelatinous body 1,
(nimble swimmer 1), tentacles
a: no special abilities


You were on level 3 of the Dungeon.
You visited 1 branch of the dungeon, and saw 3 of its levels.

You collected 44 gold pieces.

Inventory:

Scrolls
 b - a scroll of enchant weapon {unknown}
 e - a scroll of amnesia {unknown}
 f - a scroll of fog {unknown}
 g - a scroll of teleportation {unknown}
 h - a scroll of fear {unknown}
 i - a scroll of silence {unknown}
Potions
 a - 2 potions of resistance {unknown}
 c - a potion of might {unknown}
 d - 2 potions of degeneration {unknown}


   Skills:
 + Level 3.8 Fighting
 - Level 3.0 Dodging
 - Level 2.6 Stealth
 + Level 3.8 Unarmed Combat


You had 2 spell levels left.
You didn't know any spells.
Your spell library contained the following spells:

 Spells                   Type           Power      Damage    Failure   Level
 Ensorcelled Hibernation  Hex/Ice        0%         N/A       45%         2
 Passwall                 Tmut/Erth      0%         N/A       45%         2
 Gell's Gravitas          Tloc           0%         N/A       69%         3
 Lesser Beckoning         Tloc           0%         N/A       69%         3
 Swiftness                Air            0%         N/A       69%         3
 Teleport Other           Tloc           0%         N/A       69%         3


Dungeon Overview and Level Annotations

Branches:
Dungeon (3/15)

Altars:

Annotations:
D:2 1 runed translucent door, Crazy Yiuf


Innate Abilities, Weirdness & Mutations

You cannot wear most types of armour.
You are amphibious.
You can wear up to eight rings at the same time.
Your skin changes colour to match your surroundings (Stealth+).
Your rubbery body absorbs attacks. (AC +1, EV +1)
((You are camouflaged when in or above water. (Stealth+)))
You have tentacles for arms and can constrict up to eight enemies at once.


Message History

There is a stone staircase leading down here.
You climb downwards.
There is a stone staircase leading up here.
Found 4 large rocks.
The ogre shouts!
You hear a shout!
An endoplasm comes into view.
The endoplasm moves out of view.
A frilled lizard comes into view.
Found a flail.
The endoplasm quivers.
Found a scroll labelled NIMNOIH DESERR.
A quokka comes into view.
The endoplasm freezes you.
You are frozen.
The endoplasm hits you.
The frilled lizard hisses angrily.
The quokka misses you.
A goblin comes into view. It is wielding a +0 club.
The quokka misses you. The quokka bites you.
The frilled lizard closely misses you. The frilled lizard closely misses you.
The goblin closely misses you. The goblin hits you with a +0 club.
The quokka closely misses you. The goblin hits you with a +0 club.
The quokka bites you.
Found a trident.
The quokka bites you.
A giant cockroach and an endoplasm come into view.
The quokka bites you but does no damage.
The helpless giant cockroach fails to defend itself.
You tentacle-slap the giant cockroach. You grab the giant cockroach.
The giant cockroach is heavily wounded.
You constrict the giant cockroach. The ogre closely misses you.
The giant cockroach bites you.
You tentacle-slap the giant cockroach but do no damage.
You squeeze the giant cockroach.
You kill the giant cockroach!
Found 19 sling bullets.
The ogre hits you with a +0 giant spiked club!
You die...

#..O...........# ...
##...#
####.###########..#
#.. ###. #....# # #.
. .O#### # #. ### .(
...J #.#
###.########## ..
.....#.......#####.#
.............#.O@..#
.............#r#####
............)lg#
............J###
.............#
.............#
.............#
.............#
.....#.......#


You could see an ogre, an endoplasm, a quokka and a frilled lizard.

Vanquished Creatures
  2 adders (D:2)
  2 worms (D:2)
  4 ball pythons
  3 endoplasms
  A giant cockroach (D:3)
  2 hobgoblins (D:2)
  3 bats
  2 frilled lizards
  A goblin (D:1)
  3 kobolds
  4 rats (D:1)
27 creatures vanquished.

Notes
Turn   | Place    | Note
-------+----------+-------------------------------------------
     0 | D:1      | MiltankisOP the Octopode Monk began the quest for the Orb.
     0 | D:1      | Reached XP level 1. HP: 16/16 MP: 1/1
   374 | D:1      | Reached XP level 2. HP: 21/21 MP: 2/2
  1097 | D:2      | Found a runed translucent door.
  1098 | D:2      | Noticed Crazy Yiuf
  1152 | D:2      | Reached XP level 3. HP: 12/26 MP: 3/3
  1776 | D:3      | Found a faded altar of an unknown god.
  1779 | D:3      | Noticed an ogre
  1935 | D:3      | Slain by an ogre

Illustrated notes

Levels and vault maps discovered:
D:1:      dpeg_arrival_rooms_b, layout_basic
D:2:      layout_loops_ring, uniq_crazy_yiuf_cottage
D:3:      layout_rooms, dreamdust_ecumenical_altar_statues, hex_intersection

Action                   || total
-------------------------++-------
Melee: Unarmed           ||    55
       Tentacles         ||    12
       Constrict         ||    15
       Punch             ||     1
 Stab: Sleeping          ||    10
Armor: Skin              ||     2
Dodge: Dodged            ||    25
